 Dungeon Crawl Stone Soup version 0.30-a0-23-ge60ba3568b (webtiles) character file.

Game seed: 15577605493599751254

10283 kareem the Party-goer (level 11, -1/74 HPs)
             Began as a Kobold Hunter on Aug 25, 2022.
             Was a Follower of Uskayaw.
             Slain by a komodo dragon (29 damage)
             ... on level 1 of the Lair of Beasts.
             The game lasted 00:31:42 (13109 turns).

kareem the Party-goer (Kobold Hunter)              Turns: 13109, Time: 00:31:43

Health: -1/74      AC:  9    Str: 11    XL:     11   Next: 90%
Magic:  16/19      EV: 28    Int: 18    God:    Uskayaw [*.....]
Gold:   244        SH:  0    Dex: 26    Spells: 10/10 levels left

rFire   . . .      SeeInvis +    a - +1 shortbow
rCold   + . .      Faith    .    (shield currently unavailable)
rNeg    . . .      Spirit   .    D - +0 troll leather armour
rPois   .          Reflect  .    d - +2 helmet of Gozag's Condemnation {Str+2}
rElec   +          Harm     .    (no cloak)
rCorr   .          Rampage  .    s - +1 pair of gloves
Will    .....                    (no boots)
Stlth   ++........               t - amulet of Ybbon {Contam Regen+ Int+8 SInv Stlth-}
HPRegen 1.82/turn                e - +4 ring of evasion
MPRegen 0.16/turn                A - ring "Qeup" {rElec rC+ Dex+3}

@: no status effects
A: small, no large weapons, nightstalker 3
a: Renounce Religion, Stomp


You were on level 1 of the Lair of Beasts.
You worshipped Uskayaw.
Uskayaw was aware of your devotion.
You visited 3 branches of the dungeon, and saw 12 of its levels.
You also visited: Ossuary.

You collected 787 gold pieces.
You spent 543 gold pieces at shops.

Inventory:

Hand Weapons
 a - a +1 shortbow (weapon)
 f - a +1 hand axe of venom
Missiles
 i - 3 throwing nets
Armour
 c - a +0 leather armour
 d - the +2 helmet of Gozag's Condemnation (worn) {Str+2}
   (You acquired it on level 4 of the Dungeon)

   Str:       It affects your strength (+2).
 k - a +2 leather armour of cold resistance
 s - a +1 pair of gloves (worn)
 D - a +0 troll leather armour (worn)
 E - +0 steam dragon scales
Jewellery
 e - a +4 ring of evasion (left hand)
 l - a ring of fire
 r - a ring of wizardry
 t - the amulet of Ybbon (around neck) {Contam Regen+ Int+8 SInv Stlth-}
   (You acquired it on level 4 of the Dungeon)

   [amulet of regeneration]

   Int:       It affects your intelligence (+8).
   SInv:      It lets you see invisible.
   Contam:    It causes magical contamination when unequipped.
   Regen:     It increases your rate of health regeneration.
   Stlth:     It makes you less stealthy.
 v - a ring of protection from cold
 A - the ring "Qeup" (right hand) {rElec rC+ Dex+3}
   (You bought it in a shop on level 4 of the Dungeon)

   [ring of protection from cold]

   Dex:       It affects your dexterity (+3).
   rC:        It protects you from cold.
   rElec:     It insulates you from electricity.
 B - a ring of see invisible
Wands
 j - a wand of mindburst (14)
 q - a wand of roots (3)
 u - a wand of charming (5)
 w - a wand of acid (2)
 y - a wand of flame (55)
 J - a wand of digging (4)
Scrolls
 b - 3 scrolls of immolation
 g - 5 scrolls of enchant weapon
 h - 3 scrolls of torment
 m - 3 scrolls of teleportation
 C - a scroll of summoning
 G - 2 scrolls of identify
Potions
 n - 2 potions of ambrosia
 o - 3 potions of lignification
 p - 5 potions of curing
 x - 2 potions of brilliance
 z - 4 potions of flight
 F - a potion of haste
 H - a potion of mutation


   Skills:
 - Level 11.4 Fighting
 - Level 9.3 Ranged Weapons
 - Level 10.0 Dodging
 - Level 1.3 Stealth
 + Level 11.9 Invocations


You had 10 spell levels left.
You didn't know any spells.
Your spell library contained the following spells:

 Spells                   Type           Power      Damage    Failure   Level
 Sandblast                Erth           0%         2d4       28%         1
 Slow                     Hex            0%         N/A       28%         1
 Ensorcelled Hibernation  Hex/Ice        0%         N/A       41%         2
 Passwall                 Tmut/Erth      0%         N/A       41%         2
 Poisonous Vapours        Pois/Air       0%         N/A       41%         2
 Confusing Touch          Hex            0%         N/A       65%         3
 Stone Arrow              Conj/Erth      0%         3d7       65%         3
 Swiftness                Air            0%         N/A       65%         3
 Vampiric Draining        Necr           0%         2d6       65%         3
 Corpse Rot               Necr/Pois/Air  0%         N/A       96%         4
 Summon Lightning Spire   Summ/Air       0%         N/A       96%         4
 Alistair's Intoxication  Tmut/Pois      0%         N/A       100%        5
 Yara's Violent Unravell  Hex/Tmut       0%         3d3       100%        5
 Enfeeble                 Hex            0%         N/A       100%        7
 Storm Form               Tmut/Air       0%         N/A       100%        7


Dungeon Overview and Level Annotations

Branches:
Dungeon (10/15)            Temple (1/1) D:5            Lair (1/5) D:10
    Orc (0/2) D:9         Ossuary (visited)

Altars:
Ashenzari
Cheibriados
Dithmenos
Elyvilon
Fedhas
Gozag
Hepliaklqana
Kikubaaqudgha
Makhleb
Nemelex Xobeh
Okawaru
Qazlal
Ru
Sif Muna
Trog
Uskayaw
Vehumet
Wu Jian
Xom
Yredelemnul
Zin
The Shining One

Shops:
D:4 =


Innate Abilities, Weirdness & Mutations

You are small and have problems with some larger weapons.
You are completely attuned to the shadows.


Message History

Okay, then.
Aiming: Line Pass
Press: ? - help, Dir - move target, p - komodo dragon The komodo dragon appears confused.
You can no longer pass through a line of other dancers.
Fire: a) +1 shortbow
Press: ? - help, Q - select action, (/) - cycle Shift-Dir - straight line, f - komodo dragon
Aim: a komodo dragon (heavily wounded, confused, 87% to hit)
You shoot an arrow. The arrow hits the komodo dragon.
The komodo dragon is heavily wounded.
The komodo dragon completely misses you.
Fire: a) +1 shortbow
Press: ? - help, Q - select action, (/) - cycle Shift-Dir - straight line, f/p - komodo dragon
Aim: a komodo dragon (heavily wounded, confused, 87% to hit)
You shoot an arrow. The arrow hits the komodo dragon.
The komodo dragon is heavily wounded.
The komodo dragon closely misses you.
The komodo dragon completely misses you.
Fire: a) +1 shortbow
Press: ? - help, Q - select action, (/) - cycle Shift-Dir - straight line, f/p - komodo dragon
Aim: a komodo dragon (heavily wounded, confused, 87% to hit)
You shoot an arrow.
The arrow hits the komodo dragon but does no damage.
The komodo dragon is heavily wounded.
The komodo dragon seems less confused.
The komodo dragon misses you.
Fire: a) +1 shortbow
Press: ? - help, Q - select action, (/) - cycle Shift-Dir - straight line, f/p - komodo dragon
Aim: a komodo dragon (heavily wounded, 78% to hit)
You shoot an arrow. The arrow hits the komodo dragon.
The komodo dragon is heavily wounded.
The komodo dragon bites you!
Fire: a) +1 shortbow
Press: ? - help, Q - select action, (/) - cycle Shift-Dir - straight line, f/p - komodo dragon
Aim: a komodo dragon (heavily wounded, 78% to hit)
You shoot an arrow. The arrow hits the komodo dragon.
The komodo dragon is severely wounded.
The komodo dragon bites you!!
* * * LOW HITPOINT WARNING * * *
You feel much better. The komodo dragon bites you!!
You die...

## ###
#P#######.###..######
.....................
....@................
....l................
....................†
.####....####....###.
#....# #.....##.
#....# ##....##..
#.....###. #.....# #.
##....# #.


You could see a komodo dragon.

Vanquished Creatures
  A kobold demonologist (D:9)
  Psyche (D:9)
  A komodo dragon (D:10)
  2 polar bears
  A troll (D:10)
  A vampire (D:10)
  4 wyverns (D:10)
  An unseen horror simulacrum (D:10)
  4 yaks (D:9)
  3 vampire mosquitoes (D:10)
  2 steam dragons (D:7)
  2 basilisks (D:10)
  A swamp drake (D:10)
  3 sky beasts (D:7)
  2 black bears
  5 orc warriors (D:9)
  4 ice beasts
  2 ogres
  7 wolves
  4 centaurs
  6 bullfrogs
  A kobold brigand (D:10)
  2 gnoll sergeants
  A necrophage (D:6)
  2 water moccasin zombies (Ossuary)
  5 scorpions
  17 wights
  8 killer bees (D:10)
  4 howler monkeys
  5 electric eels (D:10)
  4 crimson imps (D:8)
  A jelly (D:7)
  5 hounds
  7 orc priests
  A gnoll bouda (D:8)
  An iguana (D:5)
  14 orc wizards
  2 mummies (Ossuary)
  20 gnolls
  9 adders
  A shadow imp (D:7)
  6 white imps
  An ufetubus (D:6)
  4 adder zombies (Ossuary)
  3 dart slugs
  37 orcs
  7 bats
  6 endoplasms
  3 giant cockroaches
  7 goblins
  7 hobgoblins
  4 jackals
  3 quokkas
  4 ball pythons
  7 frilled lizards
  4 gnoll zombies (Ossuary)
  5 hobgoblin zombies (Ossuary)
  7 kobolds
  2 kobold zombies (Ossuary)
  An orc zombie (Ossuary)
  4 rats
289 creatures vanquished.

Vanquished Creatures (others)
  A polar bear (D:9)
  A fungus (Lair:1)
  14 plants
16 creatures vanquished.

Grand Total: 305 creatures vanquished

Notes
Turn   | Place    | Note
-------+----------+-------------------------------------------
     0 | D:1      | kareem the Kobold Hunter began the quest for the Orb.
     0 | D:1      | Reached XP level 1. HP: 12/12 MP: 1/1
    71 | D:1      | Reached XP level 2. HP: 15/17 MP: 2/2
   393 | D:1      | Found a faded altar of an unknown god.
   578 | D:1      | Reached XP level 3. HP: 21/21 MP: 3/3
  1303 | D:2      | Reached XP level 4. HP: 26/26 MP: 4/4
  1951 | D:3      | Found a broken altar of Ashenzari.
  2904 | D:4      | Identified 2 scrolls of acquirement
  2904 | D:4      | Acquired the amulet of Ybbon {Contam Regen+ Int+8 SInv
                  | Stlth-}
  2906 | D:4      | Acquired the +2 helmet of Gozag's Condemnation {Str+2}
  2968 | D:4      | Reached XP level 5. HP: 30/30 MP: 5/5
  3709 | D:4      | Found Quxaum's Jewellery Boutique.
  3918 | D:4      | Found a bloodstained altar of Trog.
  4100 | D:5      | Entered Level 5 of the Dungeon
  4117 | D:4      | Reached XP level 6. HP: 35/35 MP: 6/6
  4159 | D:5      | Noticed an ogre
  4509 | D:5      | Found a blossoming altar of Fedhas.
  4567 | D:5      | Found a radiant altar of Vehumet.
  4626 | D:5      | Reached XP level 7. HP: 41/43 MP: 7/7
  4928 | D:5      | Reached skill level 5 in Fighting
  5205 | D:5      | Reached XP level 8. HP: 24/52 MP: 8/8
  5387 | D:5      | Found a staircase to the Ecumenical Temple.
  5393 | Temple   | Entered the Ecumenical Temple
  5674 | Temple   | Became a worshipper of Uskayaw the Reveller
  6043 | D:5      | Reached * piety under Uskayaw
  6457 | D:6      | Reached ** piety under Uskayaw
  6687 | D:6      | Reached *** piety under Uskayaw
  6786 | D:6      | Reached **** piety under Uskayaw
  7135 | D:6      | Reached XP level 9. HP: 60/62 MP: 9/9
  7342 | D:6      | Reached skill level 10 in Fighting
  7342 | D:6      | Found an ornate altar of the Wu Jian Council.
  8119 | D:7      | Found a shadowy altar of Dithmenos.
  8741 | D:7      | Reached skill level 5 in Dodging
  8813 | D:8      | Reached ***** piety under Uskayaw
  8845 | D:8      | Found a sand-covered staircase.
  8851 | Ossuary  | Entered an ossuary
  8944 | Ossuary  | Reached XP level 10. HP: 70/70 MP: 10/10
  9007 | Ossuary  | Got the Writings on Lofty Venin
  9193 | D:8      | Found a shimmering altar of Xom.
  9318 | D:8      | Found a snail-covered altar of Cheibriados.
  9657 | D:9      | Reached skill level 10 in Dodging
  9849 | D:9      | Reached skill level 1 in Invocations
  9868 | D:9      | Noticed a kobold demonologist
  9870 | D:9      | Noticed an orange demon
  9872 | D:9      | Noticed a smoke demon
  9872 | D:9      | Reached ****** piety under Uskayaw
 10107 | D:9      | Reached skill level 5 in Invocations
 10288 | D:4      | Bought the ring "Qeup" {rElec rC+ Dex+3} for 543 gold
                  | pieces
 10500 | D:9      | Noticed an orange demon
 10510 | D:9      | Killed a kobold demonologist
 10719 | D:9      | Reached XP level 11. HP: 69/74 MP: 14/16
 10873 | D:9      | Found an opulent altar of Gozag.
 10964 | D:9      | Found a staircase to the Orcish Mines.
 11191 | D:10     | Entered Level 10 of the Dungeon
 11326 | D:10     | Noticed a two-headed ogre
 11776 | D:10     | Noticed Psyche
 11829 | D:9      | Killed Psyche
 11904 | D:10     | Reached skill level 10 in Invocations
 12272 | D:10     | Found a staircase to the Lair.
 12887 | Lair:1   | Entered Level 1 of the Lair of Beasts
 13109 | Lair:1   | Slain by a komodo dragon

Illustrated notes

Levels and vault maps discovered:
D:1:      psy_arrival_fountain, layout_loops_cross,
          ebering_ecumenical_altar_rust, minmay_misc_feat_doors
D:2:      minmay_spotlight, layout_loops_ring, minmay_hexomino_p4
D:3:      layout_loops_ring, general_overflow_altar, grunt_decor_fettered
D:4:      layout_basic, mainiacjoe_overflow_alcove_2, serial_shops,
          nicolae_square_shop, serial_bayou_pond_c
D:5:      layout_layer_cave, fedhas_altar_2, nicolae_overflow_crystal_walls,
          minmay_temple_entry_statues
D:6:      layout_basic, nzn_wu_jian_contemplation, grunt_decor_resistance,
          corexii_mini_fake_secret_closet, st_stairs_12
D:7:      minmay_evil_eye, layout_loops_corners,
          grunt_dithmenos_smoke_and_mirrors
D:8:      layout_cave_pools, mainiacjoe_overflow_boulevard, led_xom_imps,
          enter_ossuary_1
D:9:      layout_loops_ring, overflow_temple_1_default, david_orc_4,
          enter_bailey_7, chequers_serial_rivers_marsh
D:10:     layout_rooms, erik_lair_dragon, serial_ice, serial_ice_o,
          serial_ice_c, serial_ice_j, serial_ice_g, disabler_island, uniq_psyche
Temple:   dshaligram_water_room_temple
Lair:1:   layout_long_grid, grunt_megastairs_4

Skill      XL: |  1  2  3  4  5  6  7  8  9 10 11 |
---------------+----------------------------------+-----
Ranged Weapons | 6 7 8 9 |  9.3
Fighting       | 4 6 9 11 | 11.4
Dodging        | 6 10 | 10.0
Invocations    | 6 11 | 11.9
Stealth        | |  1.3

Action                   |  1- 3 |  4- 6 |  7- 9 | 10-12 || total
-------------------------+-------+-------+-------+-------++-------
Melee: Unarmed           |       |       |       |     5 ||     5
 Fire: Shortbow          |    75 |   108 |   372 |   599 ||  1154
Invok: Line Pass         |       |       |       |     9 ||     9
Evoke: Wand              |       |       |       |     6 ||     6
  Use: Scroll            |       |    11 |     5 |     8 ||    24
       Potion            |       |       |       |     8 ||     8
Armor: Leather armour    |     5 |    15 |    37 |    13 ||    70
       Steam dragon scal |       |       |    10 |    44 ||    54
       Troll leather arm |       |       |       |    15 ||    15
Dodge: Dodged            |    18 |    50 |   220 |   760 ||  1048

Table legend: (Time is in decaauts)
 A = Elapsed time spent in this place.
 B = Non-inter-level travel time spent in this place.
 C = Inter-level travel time spent in this place.
 D = Time resting spent in this place.
 E = Time spent auto-exploring this place.
 F = Levels seen in this place.
 G = Mean time per level.
                   A        B        C        D        E       F      G
               +--------+--------+--------+--------+--------+-----+--------+
         Total |  13187 |  12298 |    889 |   2204 |   7496 |  13 | 1014.4 |
       Dungeon |  12497 |  11646 |    851 |   2104 |   7136 |  10 | 1249.7 |
        Temple |    290 |    253 |     37 |      0 |    238 |   1 |  290.0 |
          Lair |    224 |    224 |      0 |    100 |     55 |   1 |  224.0 |
       Ossuary |    175 |    175 |      0 |      0 |     67 |   1 |  175.0 |
               +--------+--------+--------+--------+--------+-----+--------+

Top non-repeatable levels by time:
     D:5: 1918 daAuts
     D:9: 1709 daAuts
     D:4: 1509 daAuts
    D:10: 1369 daAuts
     D:7: 1366 daAuts
     D:6: 1033 daAuts
     D:3: 1012 daAuts
     D:1: 976 daAuts
     D:2: 903 daAuts
     D:8: 698 daAuts
  Temple: 290 daAuts
  Lair:1: 224 daAuts
 Ossuary: 175 daAuts
